 Dungeon Sprint DCSS version 0.27.1-33-g824d729ab1 (webtiles) character file.

Game seed: 7441921985242858439

1246 boopmooplesden the Fighter (level 8, -10/124 HPs)
             Began as a Minotaur Fighter on Dec 16, 2021.
             Was a Follower of Okawaru.
             Mangled by a polar bear (16 damage)
             ... in the Dungeon (Sprint II: "The Violet Keep of Menkaure").
             The game lasted 00:02:08 (623 turns).

boopmooplesden the Fighter (Minotaur Fighter)        Turns: 623, Time: 00:02:09

Health: -10/124    AC: 12    Str: 19    XL:     8   Next: 25%
Magic:  7/7        EV:  7    Int: 12    God:    Okawaru [*.....]
Gold:   79         SH: 12    Dex: 10    Spells: 7/7 levels left

rFire    . . .     SeeInvis +   d - +5 hand axe of Action {vorpal, Str-4 Int+7 SInv}
rCold    . . .     Faith    .   c - +0 kite shield
rNeg     . . .     Spirit   .   l - +0 chain mail {Will+}
rPois    .         Reflect  .   (helmet restricted)
rElec    .         Harm     .   k - scarf {repulsion}
rCorr    .         Rampage  .   (no gloves)
Will     +....     NoTele   +   (no boots)
Stlth    ..........             (no amulet)
HPRegen  0.30/turn              (no ring)
MPRegen  0.10/turn              (no ring)

@: berserking (expiring), lethally poisoned (-10 -> -11), repel missiles, very
quick
A: horns 2, retaliatory headbutt
a: Renounce Religion, Heroism


You were in the Dungeon.
You worshipped Okawaru.
Okawaru was aware of your devotion.
You visited 1 branch You collected 729 gold pieces.
You spent 650 gold pieces at shops.

Inventory:

Hand Weapons
 a - a +0 flail
 d - the +5 hand axe of Action (weapon) {vorpal, Str-4 Int+7 SInv}
   (You bought it in a shop in the Dungeon)

   It inflicts extra damage upon your enemies.
   Str:       It affects your strength (-4).
   Int:       It affects your intelligence (+7).
   SInv:      It lets you see invisible.
Armour
 b - a +0 scale mail
 c - a +0 kite shield (worn)
 k - a scarf of repulsion (worn)
 l - a +0 chain mail of willpower (worn)
Scrolls
 j - a scroll of blinking
Potions
 e - a potion of curing
 g - a potion of haste
 h - 2 potions of magic


   Skills:
 + Level 11.9 Fighting
 + Level 2.0(6.5) Axes
 + Level 9.8(9.9) Maces & Flails
 + Level 11.4 Armour
 + Level 1.5 Dodging
 + Level 11.5 Shields


You had 7 spell levels left.
You didn't know any spells.
Your spell library was empty.

Dungeon Overview and Level Annotations

Branches:
Dungeon (1/1)

Altars:
Cheibriados
Dithmenos
Elyvilon
Fedhas
Gozag
Hepliaklqana
Kikubaaqudgha
Makhleb
Nemelex Xobeh
Okawaru
Qazlal
Ru
Sif Muna
Trog
Uskayaw
Vehumet
Wu Jian
Xom
Yredelemnul
Zin
The Shining One
Beogh
Jiyva
Lugonu

Shops:
D ::!?![(==((?![=

Annotations:
D exclusion: oklob plant


Innate Abilities, Weirdness & Mutations

You have a pair of horns on your head.
You reflexively headbutt those who attack you in melee.


Message History

Okawaru is honoured by your kill.
You feel sick. The hornet closely misses you.
Your base Axes skill increases to level 1!
Your Maces & Flails skill increases to level 9!
Your Armour skill increases to level 11!
Your Dodging skill increases to level 1!
You have reached level 8!
You feel stronger.
You slash the hornet!
The hornet is severely wounded.
You hit the polar bear.
You feel sick. The hornet stings you!
* * * LOW HITPOINT WARNING * * *
You feel yourself slow down.
The polar bear bites you but does no damage.
The polar bear claws you but does no damage.
The polar bear completely misses you.
You slash the hornet!
You kill the hornet!
Okawaru accepts your kill.
You can now gain great but temporary skills.
You slash the polar bear!
You feel yourself speed up.
You feel sick. The polar bear barely misses you.
You block the polar bear's attack. x2
Your base Axes skill increases to level 2!
You barely miss the polar bear. Your headbutt misses the polar bear.
You slash the polar bear!
You feel sick. The polar bear bites you!
* * * LOW HITPOINT WARNING * * *
The polar bear claws you.
* * * LOW HITPOINT WARNING * * *
You block the polar bear's attack.
You slash the polar bear!
The polar bear is moderately wounded.
You hit the polar bear.
You feel sick.
The polar bear goes berserk!
You block the polar bear's attack. The polar bear barely misses you.
The polar bear claws you but does no damage.
You barely miss the polar bear. You headbutt the polar bear!
The polar bear is heavily wounded.
You slash the polar bear! The polar bear bites you!
You die... ###.##..# +^^# .# (($$

##...#..# #..# y#▓$?(?)
.')#.'..### ..##.#▓()!$!$
##...#....###...##▓▓▓▓▓▓▓
###.##....§.≈≈≈≈≈≈≈≈≈≈≈≈≈
.####§≈....§≈#'########+###
..#≈≈§≈§§§.§≈#.h_._._.#≈≈≈##
.##≈≈≈≈≈≈§≈.≈#.hh_._..#§§§≈#
##≈≈≈≈§§≈≈≈§≈#_.@._._.#S§§≈≈
≈≈≈≈≈≈≈≈§§≈≈≈#._._._._#S§≈≈§
+++#≈≈≈§≈§≈≈≈#.._._._.#≈§≈§
≈ ##§≈§###§§#..._._._#§≈§§§S
##≈≈ #≈§#...._._.#§§§§≈≈
#§≈#....._._#≈§≈≈▓
§≈§§##########≈≈≈≈▓z
#####≈≈≈≈≈≈≈≈≈≈≈≈≈▓z
..###≈########≈▓▓▓▓▓


You could see 3 polar bears and 2 water moccasins.

Vanquished Creatures
  A merfolk siren (D)
  A yaktaur (D)
  A hornet (D)
  A vampire mosquito (D)
  A water moccasin (D)
  4 scorpions (D)
  3 worms (D)
12 creatures vanquished.

Vanquished Creatures (others)
  Menkaure (D)
  A water moccasin (D)
2 creatures vanquished.

Grand Total: 14 creatures vanquished

Notes
Turn   | Place    | Note
-------+----------+-------------------------------------------
     0 | D        | boopmooplesden the Minotaur Fighter began the quest for the
                  | Orb.
     0 | D        | Reached XP level 1. HP: 19/19 MP: 0/0
     1 | D        | Noticed a merfolk siren
    12 | D        | Killed a merfolk siren
    13 | D        | Reached skill level 5 in Maces & Flails
    13 | D        | Reached XP level 2. HP: 13/37 MP: 1/1
    13 | D        | Reached XP level 3. HP: 15/42 MP: 2/2
    13 | D        | Reached XP level 4. HP: 18/50 MP: 3/3
    13 | D        | Reached XP level 5. HP: 21/57 MP: 4/4
    13 | D        | Reached XP level 6. HP: 23/63 MP: 5/5
    17 | D        | Killed a water moccasin
   119 | D        | Killed Menkaure
   213 | D        | Noticed a boulder beetle
   213 | D        | Noticed a boulder beetle
   263 | D        | Reached skill level 10 in Fighting
   263 | D        | Reached skill level 10 in Armour
   263 | D        | Reached skill level 10 in Shields
   269 | D        | Reached XP level 7. HP: 49/73 MP: 6/6
   273 | D        | Found Sezoeplesaor's Jewellery Shop.
   274 | D        | Found Nommavucs's Distillery.
   274 | D        | Found Gexkak's Magic Scroll Shop.
   274 | D        | Found Pamui's Antique Armour Boutique.
   274 | D        | Found Vetsoful's Jewellery Boutique.
   274 | D        | Found Fire Vezxuot's Distillery.
   274 | D        | Found Ydesh's Jewellery Shop.
   274 | D        | Found Biqil's Weapon Shop.
   274 | D        | Found Xathoudgh's Magic Scroll Boutique.
   274 | D        | Found Jemuc's Antique Armour Shop.
   274 | D        | Found Raitufru's Antique Weapon Boutique.
   377 | D        | Found Torrymi's Antique Weapon Shop.
   377 | D        | Found Plog's Distillery.
   377 | D        | Found Atafog's Book Boutique.
   400 | D        | Noticed a vampire mosquito
   409 | D        | Killed a vampire mosquito
   418 | D        | Noticed an oklob plant
   419 | D        | Found Cyofohywy's Book Shoppe.
   422 | D        | Noticed an ice dragon
   423 | D        | Bought a fine hand axe for 232 gold pieces
   423 | D        | Identified the +5 hand axe of Action {vorpal, Str-4 Int+7
                  | SInv} (You bought it in a shop in the Dungeon)
   423 | D        | Noticed an unseen horror
   423 | D        | Noticed an unseen horror
   424 | D        | Noticed a shining eye
   424 | D        | Noticed a shining eye
   425 | D        | Bought a runed scarf for 216 gold pieces
   425 | D        | Bought a glowing chain mail for 202 gold pieces
   589 | D        | Found a hazy altar of Hepliaklqana.
   589 | D        | Found a snail-covered altar of Cheibriados.
   590 | D        | Found a stormy altar of Qazlal.
   590 | D        | Found a viscous altar of Jiyva.
   590 | D        | Found a shadowy altar of Dithmenos.
   591 | D        | Found a sacrificial altar of Ru.
   591 | D        | Found an ancient bone altar of Kikubaaqudgha.
   591 | D        | Found a white marble altar of Elyvilon.
   592 | D        | Found an ornate altar of the Wu Jian Council.
   592 | D        | Found a shimmering blue altar of Sif Muna.
   592 | D        | Found a corrupted altar of Lugonu.
   592 | D        | Found a blossoming altar of Fedhas.
   593 | D        | Found a shimmering altar of Xom.
   593 | D        | Found a bloodstained altar of Trog.
   593 | D        | Found a burning altar of Makhleb.
   594 | D        | Found a glowing golden altar of the Shining One.
   594 | D        | Found a basalt altar of Yredelemnul.
   594 | D        | Found a hide-covered altar of Uskayaw.
   596 | D        | Found a glowing silver altar of Zin.
   596 | D        | Found a radiant altar of Vehumet.
   596 | D        | Found a sparkling altar of Nemelex Xobeh.
   596 | D        | Noticed a hornet
   596 | D        | Noticed a polar bear
   596 | D        | Noticed a polar bear
   597 | D        | Found an opulent altar of Gozag.
   597 | D        | Found an iron altar of Okawaru.
   597 | D        | Noticed a yaktaur
   597 | D        | Noticed a polar bear
   605 | D        | Noticed a flying skull
   605 | D        | Noticed a flying skull
   606 | D        | Became a worshipper of Warmaster Okawaru
   618 | D        | Killed a yaktaur
   619 | D        | Reached skill level 1 in Axes
   619 | D        | Reached skill level 1 in Dodging
   619 | D        | Reached XP level 8. HP: 35/82 MP: 7/7
   620 | D        | Killed a hornet
   620 | D        | Reached * piety under Okawaru
   622 | D        | HP: 6/124 [poisoned by a hornet]
   623 | D        | Mangled by a polar bear

Illustrated notes

Levels and vault maps discovered:
D:        the_violet_keep_of_menkaure [sprint2_stairs_cluster_1,
          sprint2_shoproom, sprint2_temple, sprint2_basic_supplies,
          sprint2_obstacle_7, sprint2_obstacle_1, sprint2_obstacle_3,
          sprint2_obstacle_2, sprint2_obstacle_6, sprint2_timed_cluster_1,
          sprint2_smallroom_cluster_1, sprint2_smallroom_final_cluster_1,
          sprint2_transparent_cluster_1, sprint2_second_timed_cluster_1,
          sprint2_sniper_area_1, sprint2_heavy_combat_area_1,
          sprint2_mutation_trap_area_1, sprint2_forest_area_1,
          sprint2_light_combat_area_1, sprint2_behind_water_1,
          sprint2_near_end_vault_1]

Skill      XL: |  1  2  3  4  5  6  7  8 |
---------------+-------------------------+-----
Fighting       | 9 10 11 | 11.9
Maces & Flails | 5 7 9 |  9.8
Armour         | 9 10 11 | 11.4
Shields        | 9 10 11 | 11.5
Axes           | 1 2 |  2.0
Dodging        | 1 |  1.5

Action                   |  1- 3 |  4- 6 |  7- 9 || total
-------------------------+-------+-------+-------++-------
Melee: Flail             |     8 |    30 |    16 ||    54
       Headbutt          |     1 |     9 |     6 ||    16
       Hand axe          |       |       |     9 ||     9
  Use: Potion            |     1 |       |     2 ||     3
Armor: Scale mail        |       |     7 |     6 ||    13
       Chain mail        |       |       |     5 ||     5
Dodge: Dodged            |       |     6 |    12 ||    18
Block: Kite shield       |     1 |    10 |    19 ||    30
